 Dungeon Crawl Stone Soup version 0.29.1-15-g9cfb28693d (webtiles) character file.

Game seed: 3549951632714648157

226 Eitelfritz the Grave Robber (level 5, -20/35 (36) HPs)
             Began as a Demonspawn Necromancer on Mar 9, 2023.
             Demolished by an ogre
             ... wielding a +0 giant club
              (27 damage)
             ... on level 4 of the Dungeon.
             The game lasted 00:11:14 (3545 turns).

Eitelfritz the Grave Robber (DsNe)                  Turns: 3545, Time: 00:11:15

HP:   -20/35 (36)   AC:  6    Str: 11    XL:     5   Next: 69%
MP:   4/10          EV: 12    Int: 16    God:
Gold: 187           SH:  0    Dex: 13    Spells: 3/11 levels left

rFire   . . .      SeeInvis .   a - +1 rapier
rCold   + . .      Faith    .   (no shield)
rNeg    . . .      Spirit   .   k - +0 leather armour
rPois   .          Reflect  .   f - +1 helmet
rElec   .          Harm     .   g - +0 cloak
rCorr   .          Rampage  .   (no gloves)
Will    .....                   (no boots)
Stlth   +.........              m - amulet of magic regeneration
HPRegen 0.11/turn               q - ring of protection from cold
MPRegen 0.52/turn               (no ring)

@: very slightly contaminated, lightly drained, very slow
A: powered by death 1
a: no special abilities


You were on level 4 of the Dungeon.
You visited 1 branch of the dungeon, and saw 4 of its levels.

You collected 187 gold pieces.

Inventory:

Hand Weapons
 a - a +1 rapier (weapon)
Armour
 e - a +0 robe
 f - a +1 helmet (worn)
 g - a +0 cloak (worn)
 k - a +0 leather armour (worn)
Jewellery
 m - an amulet of magic regeneration (around neck)
 q - a ring of protection from cold (left hand)
Wands
 n - a wand of paralysis (9)
Scrolls
 j - a scroll of torment {unknown}
 l - a scroll of magic mapping
 o - 2 scrolls of poison
 p - a scroll of amnesia
 s - a scroll of vulnerability
 t - a scroll of enchant armour {unknown}
Potions
 b - a potion of magic
 c - a potion of mutation {unknown}
 d - 2 potions of heal wounds
 h - 2 potions of attraction {unknown}
 i - 2 potions of lignification {unknown}
 r - a potion of curing {unknown}
 u - a potion of degeneration {unknown}
 v - a potion of brilliance {unknown}


   Skills:
 + Level 0.5 Fighting
 + Level 0.3 Short Blades
 + Level 2.4 Dodging
 + Level 2.2 Stealth
 + Level 0.1 Unarmed Combat
 + Level 3.7 Spellcasting
 + Level 5.9 Necromancy


You had 3 spell levels left.
You knew the following spells:

 Your Spells              Type           Power      Damage    Failure   Level
a - Necrotise             Necr           84%        1d8       1%          1
b - Vampiric Draining     Necr           21%        2d7       6%          3
c - Animate Dead          Necr           21%        N/A       21%         4

Your spell library contained the following spells:

 Spells                   Type           Power      Damage    Failure   Level
 Agony                    Necr           21%        N/A       50%         5


Dungeon Overview and Level Annotations

Branches:
Dungeon (4/15)             Temple (0/1) D:4

Altars:
Vehumet
Yredelemnul

Annotations:
D:3 2 runed translucent doors, vampirul's ghost, amateur DsFE


Innate Abilities, Weirdness & Mutations

You regenerate a little health from kills.


Message History

Aim: a worm (severely wounded, chance to affect: 85%)
The worm writhes in agony.
The adder bites you but does no damage. The worm misses you.
The adder closely misses you.
Casting: Necrotise (safe; 1% risk of failure)
Confirm with . or Enter, or press ? or * to list all spells.
Aiming: Necrotise (safe; 1% risk of failure)
Press: ? - help, Shift-Dir - straight line, f/p - worm
Aim: a worm (almost dead, chance to affect: 85%)
The worm writhes in agony.
You kill the worm!
The adder barely misses you. The adder attacks as you move away!
The adder bites you but does no damage. The adder barely misses you. x2
You see here a worm corpse.
Casting: Necrotise (safe; 1% risk of failure)
Confirm with . or Enter, or press ? or * to list all spells.
Aiming: Necrotise (safe; 1% risk of failure)
Press: ? - help, Shift-Dir - straight line, f - adder
Aim: an adder (lightly wounded, chance to affect: 85%)
The adder writhes in agony!
The adder bites you but does no damage.
Casting: Necrotise (safe; 1% risk of failure)
Confirm with . or Enter, or press ? or * to list all spells.
Aiming: Necrotise (safe; 1% risk of failure)
Press: ? - help, Shift-Dir - straight line, f/p - adder
Aim: an adder (almost dead, chance to affect: 85%)
The adder writhes in agony.
You kill the adder!
The dead are slithering!
Casting: Necrotise (safe; 1% risk of failure)
Confirm with . or Enter, or press ? or * to list all spells.
Aiming: Vampiric Draining (dangerous; 6% risk of failure)
Press: ? - help, Shift-Dir - straight line, f - ogre
Aim: an ogre, wielding a +0 giant club (lightly wounded, ally target)
You miscast Vampiric Draining.
You are very lightly contaminated with residual magic.
Flickering shadows surround you.
You feel drained.
* * * LOW HITPOINT WARNING * * *
The ogre hits you with a +0 giant club!!
Ouch! That really hurt!
You die...

##.............#.#.....
.................#.#.....
####...........#.........
#...####....#.....##.#
#... #....#........#
#.### #####~~...#... #.
#~ #~~~..# .. #
##~#######~#...#..
#~Z@O~r~~#~~~.....
########r#~#~......
#~rr~~#Z~~~.....
~~~~#~#S#~#~.....# ##
#~#Z#~#~...#.# ~ #~~~#
..... ## ##### ...#. #...
##.


You could see an ogre (ally target), a river rat, a rat (distracted) and a
friendly adder skeleton.

Vanquished Creatures
  Ijyb (D:3)
  Natasha (thrice) (D:2)
  An iguana (D:4)
  3 adders
  3 dart slugs
  2 worms
  2 orcs (D:3)
  3 ball pythons
  8 bats
  3 endoplasms
  2 giant cockroaches
  3 goblins
  3 hobgoblins
  3 quokkas
  5 frilled lizards
  A jackal skeleton (D:3)
  7 kobolds
  8 rats
61 creatures vanquished.

Vanquished Creatures (collateral kills)
  A bat (D:1)
1 creature vanquished.

Grand Total: 62 creatures vanquished

Notes
Turn   | Place    | Note
-------+----------+-------------------------------------------
     0 | D:1      | Eitelfritz the Demonspawn Necromancer began the quest for
                  | the Orb.
     0 | D:1      | Reached XP level 1. HP: 13/13 MP: 3/3
   305 | D:1      | Gained mutation: You regenerate a little health from kills.
                  | [demonic ancestry]
   305 | D:1      | Reached XP level 2. HP: 13/19 MP: 0/5
   799 | D:1      | Found a faded altar of an unknown god.
  1001 | D:1      | Reached skill level 5 in Necromancy
  1281 | D:2      | Reached XP level 3. HP: 19/24 MP: 1/6
  1468 | D:2      | Noticed Natasha
  1477 | D:2      | Killed Natasha
  1482 | D:2      | Learned a level 3 spell: Vampiric Draining
  1845 | D:2      | Noticed Natasha
  1859 | D:2      | Killed Natasha
  1860 | D:2      | Reached XP level 4. HP: 22/31 MP: 1/8
  1865 | D:2      | Learned a level 4 spell: Animate Dead
  2192 | D:2      | Noticed Natasha
  2198 | D:2      | Killed Natasha
  2433 | D:3      | Found a runed translucent door.
  2614 | D:3      | Found a runed translucent door.
  2614 | D:3      | Noticed a human
  2618 | D:3      | Found a basalt altar of Yredelemnul.
  2667 | D:3      | Noticed Ijyb
  2676 | D:3      | Killed Ijyb
  2677 | D:3      | Reached XP level 5. HP: 22/36 MP: 6/10
  3016 | D:3      | Noticed vampirul's ghost (amateur DsFE)
  3351 | D:4      | Found a radiant altar of Vehumet.
  3404 | D:4      | Found a staircase to the Ecumenical Temple.
  3519 | D:4      | Noticed an ogre
  3545 | D:4      | Demolished by an ogre

Illustrated notes

Levels and vault maps discovered:
D:1:      evilmike_arrival_grusome_pit, layout_basic,
          chequers_ecumenical_altar_simple
D:2:      layout_rooms, dk_noncrumbling_3, uniq_natasha
D:3:      layout_loops_ring, dk_yredelemnul_ordeal, gammafunk_ghost_grave,
          hex_tiny, nicolae_elevator_lobby_asterisk, uniq_ijyb
D:4:      layout_basic, vehumet_crystals, minmay_temple_entry_hall,
          lightli_sewer_entry_pipes

Skill      XL: |  1  2  3  4 |
---------------+-------------+-----
Stealth        | 2 |  2.2
Necromancy     | 5 |  5.9
Spellcasting   | 3 |  3.7
Dodging        | 2 |  2.4
Fighting       | |  0.5
Short Blades   | |  0.3
Unarmed Combat | |  0.1

Action                   |  1- 3 |  4- 6 || total
-------------------------+-------+-------++-------
Melee: Unarmed           |    20 |       ||    20
       Rapier            |     3 |     8 ||    11
 Cast: Necrotise         |    50 |    65 ||   115
       Vampiric Draining |     1 |       ||     1
  Use: Scroll            |       |     8 ||     8
 Stab: Sleeping          |     2 |     2 ||     4
Armor: Robe              |     8 |     3 ||    11
       Leather armour    |       |    23 ||    23
Dodge: Dodged            |    45 |    41 ||    86
